 Dungeon Crawl Stone Soup version 0.29-a0-542-g075992c915 (webtiles) character file.

Game seed: 13256719541272114059

139271 flotson the Cleaver (level 16, -5/116 (125) HPs)
             Began as a Demonspawn Delver on May 13, 2022.
             Was an Initiate of Gozag.
             Slain by a phantasmal warrior (20 damage)
             ... in a wizard's laboratory on June 3, 2022.
             The game lasted 01:31:48 (26646 turns).

flotson the Cleaver (Demonspawn Delver)            Turns: 26646, Time: 01:31:49

HP:   -5/116 (125)  AC: 32    Str: 20 (21) XL:     16   Next: 73%
MP:   16/16         EV: 15    Int: 15      God:    Gozag
Gold: 2817          SH: 13    Dex: 16      Spells: 15/15 levels left

rFire   + . .      SeeInvis .   a - +5 broad axe
rCold   + + .      Faith    .   w - +2 kite shield {reflect}
rNeg    + . .      Spirit   .   S - +5 ring mail "Atiynk" {Int+3}
rPois   +          Reflect  +   y - +2 hood of the Assassin {Detection Stab+ Stlth++}
rElec   .          Harm     .   z - +0 cloak
rCorr   +          Rampage  .   F - +1 pair of gloves {hurl}
Will    +....                   u - +1 pair of boots {Fly}
Stlth   +++++.....              k - amulet "Zevas" {+Inv rC+ Regen+}
HPRegen 1.09/turn               X - ring "Surog" {rPois rC+ Will++ rCorr}
MPRegen 0.15/turn               N - ring "Eruggapn" {rF+ rN+ Dex+2}

@: weak-willed, afraid, sanguine armoured, flying, drained
A: horns 1, ignite blood 2, powered by death 2, sanguine armour 3, bedeviling
a: Renounce Religion, Evoke Invisibility, Potion Petition, Call Merchant, Bribe
Branch


You were in a wizard's laboratory.
You worshipped Gozag.
Gozag was most pleased with you.
You visited 5 branches of the dungeon, and saw 25 of its levels.
You also visited: Volcano and Wizlab.

You collected 8607 gold pieces.
You spent 3752 gold pieces at shops.
You paid 2038 gold pieces to Gozag.

Inventory:

Hand Weapons
 a - a +5 broad axe (weapon)
 c - a +1 eveningstar
Missiles
 B - 12 curare-tipped darts (quivered)
 H - a throwing net
 P - 7 javelins
Armour
 u - a +1 pair of boots of flying (worn)
 w - a +2 kite shield of reflection (worn)
 y - the +2 hood of the Assassin (worn) {Detection Stab+ Stlth++}
   (You bought it in a shop on level 2 of the Orcish Mines)

   It allows the wearer to sense nearby creatures.
   It allows the wearer to make particularly effective stabbing attacks against
   helpless or unaware enemies with any weapon.
   Stlth:     It makes you much more stealthy.
 z - a +0 cloak (worn)
 F - a +1 pair of gloves of hurling (worn)
 S - the +5 ring mail "Atiynk" (worn) {Int+3}
   (You bought it in a shop on level 2 of the Orcish Mines)

   Int:       It affects your intelligence (+3).
Jewellery
 k - the amulet "Zevas" (around neck) {+Inv rC+ Regen+}
   (You bought it in a shop on level 1 of the Orcish Mines)

   [amulet of regeneration]

   rC:        It protects you from cold.
   +Inv:      It lets you turn invisible.
   Regen:     It increases your rate of health regeneration.
 N - the ring "Eruggapn" (right hand) {rF+ rN+ Dex+2}
   (You found it on level 7 of the Dungeon)

   [ring of protection from fire]

   Dex:       It affects your dexterity (+2).
   rF:        It protects you from fire.
   rN:        It protects you from negative energy.
 X - the ring "Surog" (left hand) {rPois rC+ Will++ rCorr}
   (You bought it in a shop on level 1 of the Orcish Mines)

   [ring of poison resistance]

   rC:        It protects you from cold.
   rPois:     It protects you from poison.
   rCorr:     It protects you from acid and corrosion.
   Will:      It greatly increases your willpower.
Wands
 g - a wand of digging (9)
 h - a wand of acid (10)
 q - a wand of charming (3)
 J - a wand of paralysis (1)
 O - a wand of polymorph (4)
 Q - a wand of iceblast (3)
 Z - a wand of mindburst (21)
Scrolls
 d - 7 scrolls of magic mapping
 e - 6 scrolls of fear
 i - 4 scrolls of fog
 l - 2 scrolls of torment
 m - 4 scrolls of poison
 n - 2 scrolls of blinking
 o - 11 scrolls of teleportation
 r - 7 scrolls of immolation
 s - 2 scrolls of silence {unknown}
 A - 3 scrolls of summoning
 E - a scroll of brand weapon {unknown}
 G - 4 scrolls of vulnerability
 I - 4 scrolls of enchant armour
Potions
 f - 5 potions of heal wounds
 j - a potion of invisibility
 x - 6 potions of mutation
 C - 10 potions of curing
 D - 9 potions of ambrosia
 K - 4 potions of attraction
 L - 6 potions of haste
 M - 2 potions of might
 T - a potion of resistance
 U - a potion of berserk rage
 W - 3 potions of lignification
 Y - a potion of cancellation
Miscellaneous
 V - a box of beasts (inert)


   Skills:
 + Level 11.3 Fighting
 + Level 12.1(12.6) Axes
 - Level 3.9(8.8) Maces & Flails
 - Level 3.7(8.7) Polearms
 - Level 1.2(3.7) Staves
 + Level 8.2 Crossbows
 - Level 5.3 Throwing
 + Level 10.0 Armour
 + Level 10.2 Dodging
 + Level 5.7 Stealth
 + Level 9.7 Shields
 + Level 10.8 Evocations


You had 15 spell levels left.
You didn't know any spells.
Your spell library contained the following spells:

 Spells                   Type           Power      Damage    Failure   Level
 Beastly Appendage        Tmut           0%         N/A       67%         1
 Magic Dart               Conj           0%         1d3       67%         1
 Call Imp                 Summ           0%         N/A       80%         2
 Ensorcelled Hibernation  Hex/Ice        0%         N/A       80%         2
 Passwall                 Tmut/Erth      0%         N/A       80%         2
 Static Discharge         Conj/Air       0%         N/A       80%         2
 Wereblood                Tmut           0%         N/A       80%         2
 Call Canine Familiar     Summ           0%         N/A       95%         3
 Confusing Touch          Hex            0%         N/A       95%         3
 Mephitic Cloud           Conj/Pois/Air  0%         N/A       95%         3
 Ozocubu's Armour         Ice            0%         N/A       95%         3
 Portal Projectile        Hex/Tloc       0%         N/A       95%         3
 Spider Form              Tmut/Pois      0%         N/A       95%         3
 Swiftness                Air            0%         N/A       95%         3
 Tukima's Dance           Hex            0%         N/A       95%         3
 Anguish                  Hex/Necr       0%         N/A       100%        4
 Dispel Undead            Necr           0%         3d6       100%        4
 Hailstorm                Conj/Ice       0%         3d3       100%        4
 Leda's Liquefaction      Hex/Erth       0%         N/A       100%        4
 Passage of Golubria      Tloc           0%         N/A       100%        4
 Sticky Flame             Conj/Fire      0%         2d3       100%        4
 Summon Ice Beast         Ice/Summ       0%         N/A       100%        4
 Alistair's Intoxication  Tmut/Pois      0%         N/A       100%        5
 Borgnjor's Vile Clutch   Necr/Erth      0%         N/A       100%        5
 Iskenderun's Battlesphe  Conj           0%         2d6       100%        5
 Yara's Violent Unravell  Hex/Tmut       0%         3d3       100%        5
 Eringya's Noxious Bog    Tmut/Pois      0%         N/A       100%        6
 Iron Shot                Conj/Erth      0%         9d1       100%        6
 Enfeeble                 Hex            0%         N/A       100%        7
 Spellforged Servitor     Conj/Summ      0%         N/A       100%        7
 Polar Vortex             Ice            0%         N/A       100%        9


Dungeon Overview and Level Annotations

Branches:
Dungeon (15/15)            Temple (1/1) D:6            Lair (6/6) D:8
  Swamp (0/4) Lair:3       Spider (0/4) Lair:2        Slime (0/5) Lair:5
    Orc (2/2) D:11            Elf (1/3) Orc:2        Vaults (0/5) D:13
 Depths (0/4) D:15        Volcano (visited)          WizLab (1/1)

Altars:
Ashenzari
Cheibriados
Dithmenos
Fedhas
Gozag
Kikubaaqudgha
Nemelex Xobeh
Okawaru
Sif Muna
Xom
Zin
Beogh

Shops:
D:12 !   D:14 =   Orc:1 [=   Orc:2 (**:[

Portals:
Abyss: D:12
Trove: D:11 (give +7 demon blade)

Annotations:
D:4 2 transporters, trckry's ghost, amateur TeSu
D:12 2 transporters, Foxy's ghost, journeyman MyFi


Innate Abilities, Weirdness & Mutations

You have a pair of small horns on your head.
Your demonic aura often causes spilled blood to erupt in flames.
You regenerate health from kills.
When seriously injured, your blood forms very thick armour. (AC +12)
Your hexes are more powerful.


Message History

Unknown command.
You are too injured to fight recklessly!
Unknown command.
You are too injured to fight recklessly!
The phantasmal warrior gestures at you.
The phantasmal warrior blinks!
The phantasmal warrior completely misses you.
The eidolon gestures.
The eidolon radiates an aura of fear!
You are terrified of the eidolon!
The phantasmal warrior gestures at you.
The phantasmal warrior blinks!
Aiming: Corrosive Bolt
Press: ? - help, Shift-Dir - straight line, f - eidolon
Aim: an eidolon (moderately damaged, inspiring fear, 76% to hit)
The bolt of acid hits the eidolon!!
The acid corrodes the eidolon!
The eidolon is heavily damaged.
The spectral harpy is engulfed in blazing flames.
You block the spectral harpy's attack.
The spectral harpy claws you but does no damage.
You open the lid... ...and a mature oxweird beast leaps out!
The box is emptied!
The spectral harpy claws you but does no damage.
You block the spectral harpy's attack. x2
The spectral harpy claws you but does no damage.
The phantasmal warrior gestures at you.
The phantasmal warrior blinks!
The phantasmal warrior hits you!!
* * * LOW HITPOINT WARNING * * *
The spectral harpy is engulfed in blazing flames.
You block the spectral harpy's attack.
The spectral harpy claws you but does no damage.
The eidolon is engulfed in blazing flames.
The phantasmal warrior hits you but does no damage.
The phantasmal warrior hits you!
* * * LOW HITPOINT WARNING * * *
The phantasmal warrior attacks as you move away!
The phantasmal warrior hits you!!
You die...
Your body crumbles into a pile of gold.

##.. ...## ##...
.... #....#...
#...#... #......#
#..#W..#{{ #..{Z.#
#.☼#W○# ##..@W○#
#....W.# #$$.#..##
#.......# ###
#...#...# #⌠#
#...#........##.##
##..##.....###...###
#...##....#⌠.....⌠#
#....##...#...∩...#


You could see an eidolon (scary, corroded), 3 phantasmal warriors and a spectral
harpy.

Vanquished Creatures
  Frances (D:13)
  Kirke (D:15)
  An orc warlord (Orc:2)
  A spectral titan (WizLab)
  The ghost of pigah the Stormcaller, a journeyman OpAE of Gozag (Lair:5)
  4 dire elephants
  A spectral quicksilver dragon (WizLab)
  4 boulder beetles
  Josephine (D:15)
  8 hydras
  Erolcha (D:11)
  4 centaur warriors
  A two-headed ogre (D:11)
  2 tengu warriors (D:15)
  A satyr (shapeshifter) (D:15)
  Erica (D:9)
  2 orc high priests (Orc:2)
  Sonja (D:13)
  Amaemon (D:11)
  A spectral spark wasp (WizLab)
  An iron troll (D:13)
  A spectral anaconda (Lair:6)
  Lodul (D:13)
  A flayed ghost (WizLab)
  A bog body (Lair:3)
  5 orc knights
  6 wizards
  Pikel (D:6)
  A deep elf zephyrmancer (Elf:1)
  An oklob plant (Lair:5)
  3 phantasmal warriors (WizLab)
  A spectral wolf spider (WizLab)
  2 obsidian statues
  2 deep elf pyromancers
  4 necromancers
  16 ugly things
  7 cyclopes
  4 orc sorcerers (Orc:2)
  4 slime creatures (D:13)
  3 manticores
  5 toenail golems (Volcano)
  12 black mambas
  A torpor snail (Lair:2)
  3 centaur skeletons (D:15)
  A dire elephant zombie (Lair:6)
  25 elephants
  2 naga magi (D:15)
  A gargoyle (D:13)
  13 cane toads
  An orange demon (D:11)
  A freezing wraith (D:13)
  A dire elephant skeleton (Lair:6)
  2 tengu conjurers (D:14)
  A rime drake (Lair:3)
  10 komodo dragons
  A yaktaur (D:15)
  3 meliai (D:14)
  A polar bear (Lair:4)
  A queen bee (Orc:1)
  6 trolls
  2 hornets
  A spectral elephant (Lair:6)
  Prince Ribbit (D:7)
  A wolf spider simulacrum (D:15)
  8 blink frogs (Lair:4)
  9 dream sheep
  A vampire (D:9)
  A centaur simulacrum (D:15)
  4 culicivoras (Lair:2)
  A jumping spider (Lair:2)
  17 yaks
  2 shadows
  7 wraiths
  Grum (D:8)
  A wyvern (Lair:2)
  Eustachio (D:5)
  3 hogs (D:15)
  5 redbacks (Lair:2)
  7 basilisks
  A death yak simulacrum (Lair:6)
  4 vampire mosquitoes (D:13)
  A steam dragon (D:8)
  3 wargs
  2 acid dragons
  12 water moccasins
  A swamp drake (D:11)
  24 orc warriors
  A meliai simulacrum (D:15)
  An ice beast (D:6)
  3 black bears
  An elephant zombie (Lair:6)
  16 ogres
  33 wolves
  16 centaurs
  A phantom (D:5)
  3 kobold brigands
  Blork the orc (Orc:2)
  9 bullfrogs
  3 necrophages
  2 cane toad simulacra (Lair:6)
  2 gnoll sergeants
  3 scorpions (D:4)
  3 wights (D:6)
  2 ballistomycetes (Lair:5)
  48 killer bees
  2 howler monkeys
  5 electric eels (D:8)
  8 hounds
  3 jellies
  23 orc priests
  6 iguanas
  Crazy Yiuf (D:3)
  A gnoll shaman (D:5)
  29 orc wizards
  7 hell rats
  18 gnolls
  3 river rats (Lair:5)
  9 adders
  3 white imps
  2 ufetubi
  A worm (D:3)
  A dart slug (D:3)
  105 orcs
  7 ball pythons
  5 endoplasms
  2 giant cockroaches
  5 goblins
  5 hobgoblins
  8 jackals
  5 quokkas
  6 bats
  A frilled lizard (D:1)
  17 kobolds
  13 rats
  2 ballistomycete spores (Lair:5)
  A bush (D:10)
767 creatures vanquished.

Vanquished Creatures (collateral kills)
  Nessos (D:15)
  Urug (D:11)
  2 wraiths (D:15)
4 creatures vanquished.

Vanquished Creatures (others)
  A dancing weapon (Volcano)
  A ballistomycete spore (Lair:5)
  32 fungi
  46 plants
  23 withered plants (Lair:6)
103 creatures vanquished.

Grand Total: 874 creatures vanquished

Notes
Turn   | Place    | Note
-------+----------+-------------------------------------------
     0 | D:5      | flotson the Demonspawn Delver began the quest for the Orb.
     0 | D:5      | Reached XP level 1. HP: 18/18 MP: 1/1
    40 | D:5      | Noticed a hound
    50 | D:5      | Killed a hound
    51 | D:5      | Reached skill level 1 in Evocations
    51 | D:5      | Gained mutation: When seriously injured, your blood forms
                  | armour. (AC +12) [demonic ancestry]
    51 | D:5      | Reached XP level 2. HP: 6/24 MP: 2/2
    51 | D:5      | Gained mutation: Your demonic aura sometimes causes spilled
                  | blood to erupt in flames. [demonic ancestry]
    51 | D:5      | Reached XP level 3. HP: 8/29 MP: 3/3
    51 | D:5      | Noticed a centaur
   516 | D:3      | Reached skill level 1 in Armour
   534 | D:3      | Noticed a kobold brigand
  1897 | D:1      | Reached XP level 4. HP: 35/35 MP: 4/4
  2963 | D:3      | Upgraded the game from 0.29-a0-409-gd843f3a48c to
                  | 0.29-a0-414-g5075937ec3
  2993 | D:3      | Noticed a kobold brigand
  3077 | D:3      | Killed a kobold brigand
  3078 | D:3      | Reached skill level 1 in Staves
  3078 | D:3      | Reached skill level 1 in Throwing
  3078 | D:3      | Gained mutation: When seriously injured, your blood forms
                  | thick armour. (AC +12) [demonic ancestry]
  3078 | D:3      | Reached XP level 5. HP: 19/38 MP: 5/5
  3220 | D:3      | Found a runed translucent door.
  3221 | D:3      | Noticed Crazy Yiuf
  3231 | D:3      | Killed Crazy Yiuf
  3363 | D:3      | Reached XP level 6. HP: 42/48 MP: 6/6
  3631 | D:4      | Reached skill level 1 in Shields
  3782 | D:4      | Gained mutation: You regenerate a little health from kills.
                  | [demonic ancestry]
  3782 | D:4      | Reached XP level 7. HP: 48/54 MP: 7/7
  4152 | D:4      | Found a transporter.
  4156 | D:4      | Noticed trckry's ghost (amateur TeSu)
  4157 | D:4      | Found a transporter.
  4634 | D:5      | Noticed Eustachio
  4651 | D:5      | Gained mutation: You have a pair of small horns on your
                  | head. [demonic ancestry]
  4651 | D:5      | Reached XP level 8. HP: 61/61 MP: 8/8
  4870 | D:5      | Killed Eustachio
  4952 | D:5      | Reached skill level 5 in Fighting
  5321 | D:5      | Reached skill level 1 in Maces & Flails
  5690 | D:6      | Upgraded the game from 0.29-a0-414-g5075937ec3 to
                  | 0.29-a0-477-g62b78b4225
  5791 | D:6      | Reached XP level 9. HP: 47/62 MP: 9/9
  5893 | D:6      | Noticed Pikel
  5899 | D:6      | Found a staircase to the Ecumenical Temple.
  5930 | D:6      | Killed Pikel
  5957 | D:6      | Identified the +1 ring mail of the Storm King {Dex+2}
  6367 | Temple   | Entered the Ecumenical Temple
  6498 | Temple   | Became a worshipper of Gozag Ym Sagoz the Greedy
  6953 | D:7      | Identified the ring "Eruggapn" {rF+ rN+ Dex+2}
  6966 | D:7      | Got the Tome of the Frostbite
  7011 | D:7      | Paralysed by a hornet for 3 turns
  7014 | D:7      | Reached skill level 5 in Evocations
  7213 | D:7      | Reached skill level 5 in Dodging
  7302 | D:7      | Noticed Prince Ribbit
  7310 | D:7      | Killed Prince Ribbit
  7480 | D:7      | Gained mutation: Your demonic aura often causes spilled
                  | blood to erupt in flames. [demonic ancestry]
  7480 | D:7      | Reached XP level 10. HP: 71/77 MP: 10/10
  7892 | D:8      | Reached skill level 5 in Armour
  8027 | D:8      | Noticed Grum
  8411 | D:8      | Killed Grum
  8424 | D:8      | Reached skill level 5 in Throwing
  8542 | D:8      | Found a staircase to the Lair.
  8828 | D:8      | Found a blossoming altar of Fedhas.
  8829 | D:8      | Found an iron altar of Okawaru.
  9166 | D:8      | Reached skill level 5 in Shields
  9960 | D:9      | Reached skill level 1 in Axes
 10038 | D:9      | Noticed Erica
 10049 | D:9      | Killed Erica
 10050 | D:9      | Reached skill level 1 in Crossbows
 10386 | D:10     | Entered Level 10 of the Dungeon
 10407 | D:10     | Paralysed by a hornet for 2 turns
 10409 | D:10     | Reached skill level 2 in Axes
 10409 | D:10     | Gained mutation: You regenerate health from kills. [demonic
                  | ancestry]
 10409 | D:10     | Reached XP level 11. HP: 33/84 MP: 11/11
 10661 | D:10     | Noticed an obsidian statue
 11331 | D:10     | Killed an obsidian statue
 11541 | Lair:1   | Entered Level 1 of the Lair of Beasts
 11676 | Lair:1   | Reached skill level 3 in Axes
 11970 | Lair:1   | Noticed an eight-headed hydra
 11977 | Lair:1   | Killed a six-headed hydra
 12420 | Lair:2   | Noticed a five-headed hydra
 12431 | Lair:1   | Reached skill level 4 in Axes
 12476 | Lair:2   | Killed a two-headed hydra
 12490 | Lair:2   | Found a dark tunnel.
 12495 | Volcano  | Entered a volcano
 12522 | Volcano  | Noticed a wizard
 12526 | Volcano  | Killed a wizard
 12542 | Volcano  | Noticed a wizard
 12562 | Volcano  | Killed a wizard
 12578 | Volcano  | Noticed a wizard
 12583 | Volcano  | Killed a wizard
 12599 | Volcano  | Noticed a wizard
 12600 | Volcano  | Noticed a wizard
 12616 | Volcano  | Killed a wizard
 12617 | Volcano  | Reached skill level 5 in Axes
 12626 | Volcano  | Killed a wizard
 12627 | Volcano  | Gained mutation: When seriously injured, your blood forms
                  | very thick armour. (AC +12) [demonic ancestry]
 12627 | Volcano  | Reached XP level 12. HP: 92/92 MP: 12/12
 13125 | Lair:2   | Identified the +1 chain mail of Sin {rN+}
 13340 | Lair:2   | Found a hole to the Spider Nest.
 13365 | Lair:2   | Noticed a boulder beetle
 13369 | Lair:2   | Reached skill level 6 in Axes
 13414 | Lair:2   | Killed a boulder beetle
 13985 | Lair:3   | Noticed a six-headed hydra
 13996 | Lair:3   | Killed a one-headed hydra
 13997 | Lair:3   | Reached skill level 7 in Axes
 14251 | Lair:3   | Found a staircase to the Swamp.
 14316 | Lair:3   | Reached XP level 13. HP: 98/100 MP: 13/13
 14825 | Lair:4   | Reached skill level 5 in Crossbows
 15427 | Lair:4   | Upgraded the game from 0.29-a0-477-g62b78b4225 to
                  | 0.29-a0-541-gaf1fc19f1b
 15523 | Lair:5   | Reached skill level 8 in Axes
 15635 | Lair:5   | You fall into a shaft and drop 1 floor!
 15635 | Lair:6   | Entered Level 6 of the Lair of Beasts
 15716 | Lair:5   | Noticed a dire elephant
 15728 | Lair:5   | Killed a dire elephant
 15953 | Lair:5   | Found a runed translucent gate.
 15953 | Lair:5   | Found a runed translucent gate.
 15953 | Lair:5   | Found a runed translucent gate.
 15956 | Lair:5   | Noticed pigah's ghost (journeyman OpAE)
 16024 | Lair:5   | Found a staircase to the Slime Pits.
 17074 | Lair:5   | Upgraded the game from 0.29-a0-541-gaf1fc19f1b to
                  | 0.29-a0-542-g075992c915
 17229 | Lair:6   | Noticed a dire elephant
 17231 | Lair:6   | Noticed a dire elephant
 17233 | Lair:6   | Noticed a dire elephant
 17243 | Lair:6   | Killed a dire elephant
 17244 | Lair:6   | Reached XP level 14. HP: 65/109 MP: 14/14
 17389 | Lair:6   | Reached skill level 9 in Axes
 17975 | Lair:6   | Reached skill level 10 in Fighting
 18349 | Lair:6   | Identified the +1 scale mail of Buceunk {Int+5}
 19209 | D:11     | Noticed Amaemon
 19234 | D:11     | Killed Amaemon
 19330 | D:11     | Noticed Urug
 19337 | D:11     | Killed Urug
 19409 | D:11     | Noticed Erolcha
 19415 | D:11     | Killed Erolcha
 19653 | D:11     | Reached skill level 11 in Axes
 19653 | D:11     | Gained mutation: Your hexes are more powerful. [demonic
                  | ancestry]
 19653 | D:11     | Reached XP level 15. HP: 115/115 MP: 15/15
 19704 | D:11     | Found a staircase to the Orcish Mines.
 20057 | D:11     | Found a portal to a secret trove of treasure.
 20169 | Orc:1    | Entered Level 1 of the Orcish Mines
 20562 | Orc:2    | Entered Level 2 of the Orcish Mines
 20583 | Orc:2    | Noticed Blork the orc
 20584 | Orc:2    | Noticed an orc warlord
 20790 | Orc:2    | Killed Blork the orc
 20802 | Orc:2    | Killed an orc warlord
 20840 | Orc:2    | Found Suofy's Antique Weapon Shop.
 21117 | Orc:2    | Found Zibineag's Antique Armour Shop.
 21153 | Orc:2    | Bought a runed scarf for 176 gold pieces
 21153 | Orc:2    | Bought a spiked ring mail for 198 gold pieces
 21153 | Orc:2    | Identified the +5 ring mail "Atiynk" {Int+3} (You bought it
                  | in a shop on level 2 of the Orcish Mines)
 21221 | Orc:2    | Found Ziablingea's General Store.
 21266 | Orc:2    | Found a staircase to the Elven Halls.
 21331 | Orc:2    | Found Raulaff's Book Shop.
 21521 | Orc:2    | Bought a scroll of noise for 13 gold pieces
 21526 | Orc:2    | Bought a scroll of identify for 42 gold pieces
 21526 | Orc:2    | Bought a brightly glowing brass ring for 105 gold pieces
 21526 | Orc:2    | Identified the ring of the Present {rF+ Dex+3} (You bought
                  | it in a shop on level 2 of the Orcish Mines)
 21529 | Orc:2    | Bought the +2 hood of the Assassin {Detection Stab+
                  | Stlth++} for 1260 gold pieces
 21529 | Orc:2    | Found the +2 hood of the Assassin {Detection Stab+ Stlth++}
 21687 | Orc:1    | Bought a pair of glowing boots for 187 gold pieces
 21687 | Orc:1    | Bought a pair of runed gloves for 187 gold pieces
 21714 | Orc:1    | Bought the amulet "Zevas" {+Inv rC+ Regen+} for 816 gold
                  | pieces
 21714 | Orc:1    | Bought the ring "Surog" {rPois rC+ Will++ rCorr} for 768
                  | gold pieces
 22200 | Lair:4   | HP: 4/117 [11-headed hydra (9)]
 22203 | Lair:4   | Reached skill level 10 in Evocations
 22364 | Lair:5   | Killed pigah's ghost
 22850 | D:12     | Found a transporter.
 22860 | D:12     | Identified the +7 shortbow of the Howling One {flame, rF+
                  | Will++}
 22926 | D:12     | Found Aniuf Ala's Distillery.
 23065 | D:12     | Noticed Foxy's ghost (journeyman MyFi)
 23068 | D:12     | Found a one-way gate to the infinite horrors of the Abyss.
 23208 | D:12     | Found a transporter.
 23593 | D:13     | Noticed Sonja
 23609 | D:13     | Killed Sonja
 23610 | D:13     | Reached XP level 16. HP: 105/124 MP: 16/16
 23995 | D:13     | Noticed Lodul
 24013 | D:13     | Killed Lodul
 24042 | D:13     | Noticed Frances
 24056 | D:13     | Killed Frances
 24240 | D:13     | Found a gate to the Vaults.
 24503 | D:14     | Found Epacaagg's Jewellery Boutique.
 24516 | D:14     | Found a shimmering blue altar of Sif Muna.
 25127 | D:15     | Entered Level 15 of the Dungeon
 25202 | D:15     | Noticed Josephine
 25204 | D:15     | Noticed Nessos
 25214 | D:15     | Killed Josephine
 25221 | D:15     | Killed Nessos
 25225 | D:15     | Reached skill level 5 in Stealth
 25410 | D:15     | Noticed Kirke
 25421 | D:15     | Killed Kirke
 25482 | D:15     | Reached skill level 10 in Dodging
 25486 | D:15     | Reached skill level 12 in Axes
 25770 | D:15     | Identified the +9 mace of Cataclysm {pain, +Blink rF+ rC-}
 25817 | D:15     | Found a staircase to the Depths.
 26152 | Elf:1    | Entered Level 1 of the Elven Halls
 26304 | Elf:1    | Found an ancient bone altar of Kikubaaqudgha.
 26342 | Elf:1    | Found a magical portal.
 26355 | WizLab   | Entered Borgnjor's Mausoleum
 26589 | WizLab   | Reached skill level 10 in Armour
 26646 | WizLab   | Slain by a phantasmal warrior

Illustrated notes

Levels and vault maps discovered:
D:1:      saegor_arrival_simple_a, layout_basic
D:2:      layout_basic, st_stairs_14
D:3:      cheibrodos_thug_alley, layout_loops_ring, due_unseen_surprise,
          uniq_crazy_yiuf_cottage
D:4:      layout_gridville, gammafunk_ghost_mausoleum, hangedman_minor_gate_pass
D:5:      minmay_opposing_rooms, layout_basic, hangedman_glass_teeth,
          chequers_arboretum, uniq_eustachio
D:6:      layout_basic, minmay_temple_entry_overgrown, uniq_pikel
D:7:      layout_basic, chequers_serial_rivers_room_b,
          hangedman_decor_peaks_small, minmay_a_box_with_orc_wizards_in_it,
          uniq_prince_ribbit1
D:8:      layout_basic, mainiacjoe_overflow_divided_tiny, erik_lair_island,
          special_room [special_room_orc], uniq_grum
D:9:      layout_basic, uniq_erica
D:10:     layout_loops_ring, kb_lookout_dungeons_type, kennysheep_flooded_box,
          minmay_statue_bubble
D:11:     layout_stronghold, erik_orc_1, enter_trove_3, uniq_urug, uniq_amaemon,
          uniq_erolcha
D:12:     layout_roguey, serial_shops, nicolae_take_the_stairs,
          gammafunk_ghost_abyssal_escape
D:13:     layout_irregular_city, david_vaults_4, st_stairs_13, uniq_frances,
          uniq_lodul, uniq_sonja
D:14:     layout_gridville, serial_shops, shop, lemuel_crystal_altar,
          hangedman_decor_slide_cut
D:15:     grunt_enter_depths_magical_seal, layout_cave_pools,
          hangedman_decor_push, uniq_nessos, uniq_josephine, uniq_kirke
Temple:   mainiacjoe_temple_big_plus
Lair:1:   layout_loops_ring
Lair:2:   layout_big_grid, nicolae_spider_entry_tight_spaces,
          nicolae_volcano_entry_s_turn, beast_lair_carwin_8
Lair:3:   layout_cave_pods, skrybe_swamp_entry_bodies
Lair:4:   layout_misc_corridors, serial_bayou, serial_bayou_crossing,
          serial_bayou_pond_e, serial_bayou_pond_b, serial_bayou_pond_b
Lair:5:   beast_lair_carwin_large_4, layout_regular_city,
          minmay_slime_entry_oklob_open, gammafunk_ghost_hydra_chop,
          st_stairs_9, kennysheep_abandoned_house
Lair:6:   due_jungle_book, layout_loops_ring
Orc:1:    layout_caves, special_room [special_room_bee]
Orc:2:    grunt_orc_cross, layout_caves, david_defended_altar_orc
Elf:1:    minmay_elf_arrival_circle, layout_loops_ring, mu_enter_wizlab_3,
          basic_altar, serial_shops, nicolae_shop_competitors_out_of_business,
          evilmike_minifort
WizLab:   wizlab_borgnjor

Skill      XL: |  1  2  3  4  5  6  7  8  9 10 11 12 13 14 15 16 |
---------------+-------------------------------------------------+-----
Polearms       | 2 3 |  3.7
Dodging        | 2 3 4 5 6 7 8 9 10 | 10.2
Evocations     | 1 2 3 4 5 6 7 8 9 10 | 10.8
Armour         | 1 2 3 4 5 6 7 8 9 10 | 10.0
Staves         | 1 |  1.2
Throwing       | 1 2 3 4 5 |  5.3
Fighting       | 4 5 6 7 8 9 10 11 | 11.3
Shields        | 1 2 3 4 5 6 7 8 9 |  9.7
Maces & Flails | 1 3 |  3.9
Axes           | 2 5 7 8 11 12 | 12.1
Crossbows      | 1 3 4 6 7 8 |  8.2
Stealth        | 5 |  5.7

Action                   |  1- 3 |  4- 6 |  7- 9 | 10-12 | 13-15 | 16-18 || total
-------------------------+-------+-------+-------+-------+-------+-------++-------
Melee: Lajatang          |   120 |    93 |       |       |       |       ||   213
       Dagger            |       |   120 |   218 |       |       |       ||   338
       Morningstar       |       |       |   149 |       |       |       ||   149
       Headbutt          |       |       |    75 |   154 |   247 |   107 ||   583
       Flail             |       |       |    75 |   226 |       |       ||   301
       Broad axe         |       |       |       |   428 |   844 |   315 ||  1587
       Scimitar          |       |       |       |    17 |    10 |       ||    27
       Eveningstar       |       |       |       |       |    24 |       ||    24
Throw: Dart              |       |     8 |    14 |    45 |     2 |       ||    69
       Boomerang         |       |       |    51 |    68 |    93 |       ||   212
Invok: Call Merchant     |       |       |       |       |     3 |       ||     3
Evoke: Wand              |       |     1 |     2 |    10 |    11 |     3 ||    27
       Box of beasts     |       |       |       |       |     2 |     2 ||     4
  Use: Potion            |     1 |       |       |     2 |     2 |     2 ||     7
       Scroll            |       |       |     8 |    14 |     6 |     9 ||    37
 Stab: Sleeping          |     2 |     5 |     2 |     2 |     7 |     4 ||    22
       Distracted        |       |     1 |       |     5 |    13 |     8 ||    27
Armor: Leather armour    |    14 |       |       |       |       |       ||    14
       Ring mail         |    41 |    85 |   244 |   266 |   123 |   190 ||   949
       Scale mail        |       |       |       |    91 |   362 |       ||   453
Dodge: Dodged            |    84 |   106 |   255 |   443 |   652 |   244 ||  1784
Block: Kite shield       |       |    64 |   321 |   590 |   703 |   314 ||  1992
       Reflection        |       |       |       |       |       |     3 ||     3

Table legend: (Time is in decaauts)
 A = Elapsed time spent in this place.
 B = Non-inter-level travel time spent in this place.
 C = Inter-level travel time spent in this place.
 D = Time resting spent in this place.
 E = Time spent auto-exploring this place.
 F = Levels seen in this place.
 G = Mean time per level.
                   A        B        C        D        E       F      G
               +--------+--------+--------+--------+--------+-----+--------+
         Total |  27557 |  25108 |   2449 |    979 |  16704 |  27 | 1020.6 |
       Dungeon |  17088 |  15397 |   1691 |    446 |  10444 |  15 | 1139.2 |
        Temple |    153 |    131 |     22 |      0 |    126 |   1 |  153.0 |
          Lair |   7679 |   7088 |    591 |    368 |   4759 |   6 | 1279.8 |
  Orcish Mines |   1642 |   1498 |    144 |     87 |    863 |   2 |  821.0 |
   Elven Halls |    203 |    203 |      0 |      0 |    112 |   1 |  203.0 |
       Volcano |    493 |    493 |      0 |     33 |    267 |   1 |  493.0 |
        Wizlab |    296 |    296 |      0 |     45 |    132 |   1 |  296.0 |
               +--------+--------+--------+--------+--------+-----+--------+

Top non-repeatable levels by time:
  Lair:5: 1897 daAuts
  Lair:6: 1773 daAuts
     D:8: 1684 daAuts
     D:9: 1558 daAuts
     D:1: 1317 daAuts
     D:3: 1262 daAuts
    D:10: 1224 daAuts
     D:5: 1220 daAuts
    D:11: 1194 daAuts
     D:4: 1180 daAuts
     D:6: 1134 daAuts
     D:7: 1077 daAuts
  Lair:3: 1063 daAuts
  Lair:2: 1040 daAuts
    D:13: 1022 daAuts
